 Dungeon Crawl Stone Soup version 0.19.4-8-ga85b6b9 (console) character file.

10782 Grinner the Grappler (level 11, -3/95 HPs)
             Began as a Minotaur Transmuter on Feb 8, 2017.
             Was a High Priest of Dithmenos.
             Slain by an orc warrior
             ... wielding a +0 short sword
              (15 damage)
             ... on level 9 of the Dungeon.
             The game lasted 00:28:55 (10184 turns).

Grinner the Grappler (Minotaur Transmuter)         Turns: 10184, Time: 00:28:56

Health: -3/95      AC:  5    Str: 14    XL:     11   Next: 40%
Magic:  15/17      EV: 27    Int: 13    God:    Dithmenos [*****.]
Gold:   265        SH:  0    Dex: 17    Spells: 3 memorised, 12 levels left

rFire  . . .     SeeInvis .       - Unarmed
rCold  + . .     Gourm    .     (armour currently unavailable)
rNeg   . . .     Faith    .     (shield currently unavailable)
rPois  x         Spirit   .     (helmet currently unavailable)
rElec  .         Reflect  .     (cloak currently unavailable)
rCorr  .         Harm     .     (gloves currently unavailable)
MR     .....                    (boots currently unavailable)
Stlth  ++........               F - amulet of rage
                                a - +3 ring of protection
                                q - ring of protection from cold

@: spider-form, wreathed by umbra
A: (retaliatory headbutt), (horns 0), (icy blue scales 0), (deformed body),
(shaggy fur 0)
a: End Transformation, Shadow Step, Shadow Form, Renounce Religion, Evoke
Berserk Rage


You were on level 9 of the Dungeon.
You worshipped Dithmenos.
Dithmenos was extremely pleased with you.
You were not hungry.
You were a venomous arachnid creature.
You visited 1 branch of the dungeon, and saw 9 of its levels.
You also visited: Ossuary.

You collected 342 gold pieces.
You spent 77 gold pieces at shops.

Inventory:

Missiles
 r - 23 arrows
Armour
 b - a +0 robe (melded)
 I - a +0 cloak (melded)
Jewellery
 a - a +3 ring of protection (right front leg)
 q - a ring of protection from cold (left front leg)
 F - an amulet of rage (around neck)
Wands
 g - a wand of slowing (21/48)
 E - a wand of confusion (14/48)
 G - a wand of slowing (31/48)
Scrolls
 h - 4 scrolls of fear
 m - 3 scrolls of remove curse
 s - 4 scrolls of teleportation
 u - a scroll of enchant weapon {unknown}
 v - a scroll of noise {unknown}
 w - a scroll of enchant armour {unknown}
 y - a scroll of amnesia {unknown}
 B - 2 scrolls of fog {unknown}
 C - a scroll of blinking {unknown}
 H - 2 scrolls of acquirement {unknown}
Potions
 e - a potion of cure mutation
 f - a potion of haste
 i - a potion of lignification
 k - 2 potions of flight
 n - 2 potions of agility
 o - 3 potions of curing
 t - a potion of cancellation
 x - a potion of might
 z - a potion of invisibility {unknown}
 D - a potion of magic
Books
 c - a book of Changes

   Spells                             Type                      Level
   a - Beastly Appendage              Transmutation                1
   b - Sticks to Snakes               Transmutation                2
   c - Spider Form                    Transmutation/Poison         3
   d - Ice Form                       Ice/Transmutation            4
   e - Blade Hands                    Transmutation                5
Comestibles
 d - 6 bread rations
 j - 3 meat rations
 l - a slice of pizza
 p - a fruit
 A - 10 royal jellies


   Skills:
 - Level 8.5 Fighting
   Level 0.0 Polearms
 + Level 8.6 Dodging
 * Level 12.3 Unarmed Combat
 - Level 5.1 Spellcasting
 - Level 6.7 Transmutations
 + Level 1.2 Ice Magic
 + Level 0.9 Poison Magic


You had 12 spell levels left.
You knew the following spells:

 Your Spells              Type           Power        Failure   Level  Hunger
c - Ice Form              Ice/Tmut       ##......     61%         4    ####...
s - Spider Form           Tmut/Pois      ##........   28%         3    ###....
z - Beastly Appendage     Tmut           ###...       6%          1    None


Dungeon Overview and Level Annotations

Branches:
Dungeon (9/15)             Temple (0/1) D:7
   Lair: D:8-11         Orc: D:9-12

Altars:
Ashenzari
Dithmenos
Elyvilon
Gozag
Makhleb
Xom
Zin
Jiyva

Shops:
D:7 =!


Innate Abilities, Weirdness & Mutations

((You reflexively headbutt those who attack you in melee.))
((You have a pair of horns on your head.))
((You are partially covered in icy blue scales. (AC +2)))
((Armour fits poorly on your strangely shaped body.))
((You are covered in fur. (AC +1)))


Message History

The orc warrior hits you with a short sword!
Casting: Beastly Appendage
Confirm with . or Enter, or press ? or * to list all spells.
Your talons disappear.
You turn into a venomous arachnid creature.
Your +0 cloak melds into your body.
Your +0 robe melds into your body.
The orc warrior barely misses you.
You hit the orc warrior.
The orc warrior is lightly wounded.
You hit the orc warrior.
The orc warrior is poisoned.
The orc warrior is moderately wounded.
Your shadow hits the orc warrior but does no damage.
The orc warrior hits you with a short sword!!
* * * LOW HITPOINT WARNING * * *
The orc warrior misses you.
There is a stone staircase leading up here.
An ogre comes into view. It is wielding a giant club.
The adder completely misses you.
The orc warrior hits you with a short sword!
You die...

# # # # #
#############################
................s............
####..##########Soh.......[..
#..# #s............ #..#
#.............
####..##########.....<.......
.............................
........###########O.........
#####...# #...####### ...#
#####...#


You could see an orc warrior, an ogre, a scorpion, a hound and an adder.

Vanquished Creatures
  The ghost of odb the Cleaver, a novice MiFi of Okawaru (D:7)
  Pikel (D:8)
  A manticore (D:8)
  A komodo dragon (D:9)
  2 polar bears (D:8)
  2 dream sheep (D:8)
  2 hippogriffs (D:8)
  A hog (D:8)
  A water moccasin (D:7)
  An orc warrior (D:6)
  2 slaves (D:8)
  6 phantoms
  2 sky beasts
  2 ice beasts
  2 black bears
  A wolf (D:8)
  7 centaurs
  4 ogres
  An elf zombie (Ossuary)
  2 big kobolds (D:8)
  A gnoll sergeant (D:8)
  Blork the orc (D:5)
  3 bullfrogs
  6 scorpions
  A howler monkey (D:9)
  An electric eel (D:6)
  3 crimson imps
  3 human zombies (Ossuary)
  5 jellies
  A quasit (D:7)
  2 centaur zombies
  5 orc priests
  3 hounds
  5 orc wizards
  Terence (D:2)
  An iguana (D:4)
  3 worker ants
  4 big kobold zombies (Ossuary)
  A hound zombie (Ossuary)
  3 mummies (Ossuary)
  11 gnolls
  A howler monkey skeleton (D:4)
  9 adders
  A shadow imp (D:5)
  6 oozes
  6 adder zombies (Ossuary)
  An adder skeleton (D:5)
  2 worms
  4 dart slugs
  3 leopard geckos
  21 orcs
  2 ball pythons (D:2)
  8 bats
  5 giant cockroaches
  5 goblins
  9 hobgoblins
  10 jackals
  16 kobolds
  4 quokkas
  7 frilled lizards
  3 goblin zombies (Ossuary)
  3 hobgoblin zombies (Ossuary)
  2 jackal skeletons
  3 jackal zombies (Ossuary)
  2 kobold zombies (Ossuary)
  A leopard gecko skeleton (D:5)
  An orc zombie (Ossuary)
  4 quokka zombies (Ossuary)
  9 rats
  5 rat zombies (Ossuary)
259 creatures vanquished.

Vanquished Creatures (others)
  2 slaves (D:8)
  A centaur (D:8)
3 creatures vanquished.

Grand Total: 262 creatures vanquished

Notes
Turn   | Place    | Note
-------+----------+-------------------------------------------
     0 | D:1      | Grinner the Minotaur Transmuter began the quest for the Orb.
     0 | D:1      | Reached XP level 1. HP: 16/16 MP: 1/1
   162 | D:1      | Reached XP level 2. HP: 17/23 MP: 3/3
   630 | D:1      | Reached XP level 3. HP: 8/28 MP: 4/4
   636 | D:1      | HP: 1/28 [hobgoblin (3)]
   775 | D:1      | Reached skill level 4 in Unarmed Combat
  1643 | D:2      | Noticed Terence
  1662 | D:2      | Killed Terence
  1662 | D:2      | Reached XP level 4. HP: 24/35 MP: 5/5
  2209 | D:3      | Found a faded altar of an unknown god.
  2218 | D:3      | Became a worshipper of Dithmenos the Shadowed
  2218 | D:3      | Reached * piety under Dithmenos
  2269 | D:3      | Reached skill level 5 in Unarmed Combat
  2375 | D:3      | Reached XP level 5. HP: 22/40 MP: 4/6
  2395 | D:3      | Noticed a centaur
  2411 | D:3      | HP: 2/40 [centaur (5)]
  2416 | D:3      | Killed a centaur
  2695 | D:3      | HP: 1/40 [orc wizard/dagger (3)]
  2706 | D:3      | Reached XP level 6. HP: 10/47 MP: 7/7
  3026 | D:3      | Gained mutation: You are partially covered in icy blue scales. (AC +2) [potion of mutation]
  3026 | D:3      | Gained mutation: You are covered in fur. (AC +1) [potion of mutation]
  3026 | D:3      | Gained mutation: Armour fits poorly on your strangely shaped body. [potion of mutation]
  3063 | D:4      | Reached skill level 6 in Unarmed Combat
  3065 | D:4      | Found a shattered altar of Ashenzari.
  3145 | D:4      | Reached ** piety under Dithmenos
  3805 | D:4      | Learned a level 3 spell: Spider Form
  4014 | D:4      | Reached XP level 7. HP: 16/52 MP: 8/8
  4296 | D:4      | Reached skill level 7 in Unarmed Combat
  4580 | D:5      | Entered Level 5 of the Dungeon
  4585 | D:5      | Noticed Blork the orc
  4600 | D:5      | Killed Blork the orc
  4755 | D:5      | Found a sand-covered staircase.
  4766 | D:5      | Reached skill level 5 in Dodging
  4902 | Ossuary  | Entered an ossuary
  4963 | Ossuary  | Learned a level 4 spell: Ice Form
  4996 | Ossuary  | Reached *** piety under Dithmenos
  5061 | Ossuary  | Reached skill level 8 in Unarmed Combat
  5061 | Ossuary  | Reached XP level 8. HP: 53/59 MP: 9/9
  5771 | D:5      | Reached skill level 9 in Unarmed Combat
  5819 | D:5      | Reached skill level 5 in Transmutations
  5934 | D:5      | Reached **** piety under Dithmenos
  6551 | D:6      | Found a burning altar of Makhleb.
  6551 | D:6      | Found a glowing silver altar of Zin.
  6551 | D:6      | Found a shattered altar of Ashenzari.
  6553 | D:6      | Found a white marble altar of Elyvilon.
  6554 | D:6      | Found a shimmering altar of Xom.
  6556 | D:6      | Found an opulent altar of Gozag.
  6651 | D:6      | Reached XP level 9. HP: 48/64 MP: 8/10
  6951 | D:6      | Reached skill level 10 in Unarmed Combat
  7299 | D:7      | Noticed odb's ghost (novice MiFi)
  7367 | D:8      | Noticed Pikel
  7379 | D:8      | Killed Pikel
  7428 | D:8      | Found a huge runed gate.
  7428 | D:8      | Found a huge runed gate.
  7428 | D:8      | Found a huge runed gate.
  7428 | D:8      | Found a huge runed gate.
  7428 | D:8      | Noticed a polar bear
  7428 | D:8      | Noticed a polar bear
  7429 | D:8      | Noticed a polar bear
  7430 | D:8      | Noticed a manticore
  7430 | D:8      | Noticed a manticore
  8140 | D:8      | Reached skill level 11 in Unarmed Combat
  8656 | D:8      | Reached skill level 5 in Spellcasting
  8656 | D:8      | Reached XP level 10. HP: 90/90 MP: 10/16
  8682 | D:8      | Reached XP level 11. HP: 95/95 MP: 14/17
  8751 | D:7      | Killed odb's ghost
  9068 | D:7      | Found Kyupaf's Distillery.
  9077 | D:7      | Bought a potion of lignification for 33 gold pieces
  9077 | D:7      | Bought a potion of might for 44 gold pieces
  9095 | D:7      | Found a staircase to the Ecumenical Temple.
  9104 | D:7      | Reached skill level 12 in Unarmed Combat
  9224 | D:7      | Found Ygucos's Jewellery Emporium.
  9852 | D:9      | Reached ***** piety under Dithmenos
  9876 | D:9      | Reached skill level 1 in Ice Magic
 10111 | D:9      | Found a viscous altar of Jiyva.
 10184 | D:9      | Slain by an orc warrior

Skill      XL: |  1  2  3  4  5  6  7  8  9 10 11 |
---------------+----------------------------------+-----
Transmutations | 2 3 4 5 6 |  6.7
Unarmed Combat | 4 5 6 8 9 11 12 | 12.3
Dodging        | 3 4 5 6 7 8 |  8.6
Fighting       | 8 |  8.5
Spellcasting   | 5 |  5.1
Ice Magic      | 1 |  1.2
Poison Magic   | |  0.9

Action                   |  1- 3 |  4- 6 |  7- 9 | 10-12 || total
-------------------------+-------+-------+-------+-------++-------
Melee: Unarmed           |   116 |   210 |   437 |   166 ||   929
       Headbutt          |    10 |    29 |    71 |    14 ||   124
       Kick              |     6 |     9 |    66 |     4 ||    85
       Punch             |       |     1 |    16 |     3 ||    20
 Cast: Beastly Appendage |     2 |     6 |    27 |     1 ||    36
       Spider Form       |       |       |     3 |     1 ||     4
       Ice Form          |       |       |       |     3 ||     3
 Abil: Evoke Berserk Rag |       |       |     1 |     2 ||     3
Evoke: Wand              |       |       |     4 |       ||     4
  Use: Scroll            |       |     7 |     5 |     3 ||    15
       Potion            |       |     2 |     3 |     7 ||    12
 Stab: Sleeping          |       |     1 |     1 |     2 ||     4
       Confused          |       |       |     1 |       ||     1
  Eat: Chunk             |     2 |     3 |     9 |       ||    14
       Beef jerky        |       |     1 |       |       ||     1
       Meat ration       |       |     1 |       |     2 ||     3
       Bread ration      |       |       |     1 |       ||     1
       Fruit             |       |       |     1 |       ||     1
       Pizza             |       |       |     1 |       ||     1
Armor: Robe              |    19 |    24 |    68 |    18 ||   129
       Skin              |       |       |       |    13 ||    13
Dodge: Dodged            |    66 |   120 |   277 |   116 ||   579
